 Dungeon Crawl Stone Soup version 0.26-a0-540-g8a0c9464d7 (webtiles) character file.

Game seed: 4261319783387224066

366 Alarkh the Ruffian (level 6, -7/56 HPs)
             Began as a Ghoul Delver on Aug 18, 2020.
             Mangled by an orc warrior
             ... wielding a +0 battleaxe
              (11 damage)
             ... on level 3 of the Dungeon.
             The game lasted 00:04:33 (2774 turns).

Alarkh the Ruffian (Ghoul Delver)                   Turns: 2774, Time: 00:04:34

Health: -7/56      AC:  7    Str: 16    XL:     6   Next: 68%
Magic:  14/14      EV: 11    Int:  7    God:
Gold:   188        SH:  0    Dex: 10    Spells: 5/5 levels left

rFire    . . .     SeeInvis .     - Unarmed
rCold    + . .     Faith    .   (no shield)
rNeg     + + +     Spirit   .   o - +0 ring mail {MR+}
rPois    ∞         Reflect  .   g - +0 helmet
rElec    .         Harm     .   (no cloak)
rCorr    .                      (no gloves)
MR       +....                  j - +0 pair of boots
Stlth    ++........             t - amulet of the acrobat
HPRegen  0.00/turn              k - ring of magical power
MPRegen  0.14/turn              (no ring)

@: mighty
A: rotting body, claws 1, cold resistance 1, negative energy resistance 3,
inhibited regeneration, torment resistance, unbreathing
a: no special abilities


You were on level 3 of the Dungeon.
You visited 1 branch of the dungeon, and saw 5 of its levels.

You collected 188 gold pieces.

Inventory:

Armour
 a - a +0 leather armour
 g - a +0 helmet (worn)
 j - a +0 pair of boots (worn)
 o - a +0 ring mail of magic resistance (worn)
Jewellery
 i - an uncursed amulet of faith
 k - a ring of magical power (left claw)
 t - an amulet of the acrobat (around neck)
Wands
 f - a wand of digging (3)
Scrolls
 b - a scroll of fog
 c - 2 scrolls of magic mapping
 d - a scroll of fear
 h - 5 scrolls of identify {unknown}
 l - a scroll of teleportation {unknown}
 n - 7 scrolls of remove curse {unknown}
 q - 2 scrolls of enchant weapon {unknown}
 r - a scroll of immolation {unknown}
 s - a scroll of blinking {unknown}
Potions
 e - 3 potions of haste
 m - a potion of ambrosia
 p - a potion of flight


   Skills:
 + Level 5.2 Fighting
 - Level 1.7 Dodging
 - Level 5.4 Stealth
 * Level 6.3 Unarmed Combat


You had 5 spell levels left.
You didn't know any spells.
Your spell library was empty.

Dungeon Overview and Level Annotations

Branches:
Dungeon (5/15)
 Temple: D:4-7

Altars:
Ashenzari

Annotations:
D:4 1 runed translucent door, Crazy Yiuf


Innate Abilities, Weirdness & Mutations

Your body is rotting away.
You thrive by killing the living.
You are immune to poison.
You have sharp fingernails.
Your flesh is cold resistant. (rC+)
You are immune to negative energy. (rN+++)
You do not regenerate when monsters are visible.
You are immune to unholy pain and torment.
You can survive without breathing.


Message History

The orc priest calls down the wrath of Beogh upon you.
Beogh smites you! The orc warrior closely misses you.
The orc warrior barely misses you.
You climb upwards.
There is a stone staircase leading down here.
You scratch the orc warrior.
The orc warrior is heavily wounded.
You barely miss the orc warrior.
The orc warrior is heavily wounded.
The orc warrior barely misses you.
You closely miss the orc warrior.
The orc warrior is heavily wounded.
The orc warrior hits you with a +0 battleaxe!
* * * LOW HITPOINT WARNING * * *
You scratch the orc warrior but do no damage.
The orc warrior is heavily wounded.
You barely miss the orc warrior.
The orc warrior is heavily wounded.
The orc warrior hits you with a +0 battleaxe!
You die...

#.# #.# #.#####.############
###########.#.................
#.....................#######.
#####.......#.##..###########.
#..####.#.................
#..# #.#.##.#########....
#..####.#.##.#########.###
#.......o@................
#.##.##.####.#########.###
#......>.[...##...........
#.........#####....###.##.
##...#..#### #....# #.##.
#####.#.#.....# #....###....
#...#...#..##.# #.......####
#...#####.###.# #...........
#...#.....# #.########.......


You could see an orc warrior.

Vanquished Creatures
  A scorpion (D:4)
  2 jellies (D:1)
  2 hounds (D:4)
  2 worker ants (D:4)
  A hound skeleton (D:3)
  Robin (D:3)
  2 adders (D:2)
  5 oozes (D:1)
  3 worms
  A dart slug (D:3)
  A leopard gecko (D:1)
  9 bats
  8 giant cockroaches
  13 goblins
  9 hobgoblins
  2 jackals (D:1)
  2 quokkas
  A ball python (D:3)
  3 frilled lizards
  A jackal skeleton (D:5)
  3 kobolds
  A quokka skeleton (D:4)
  11 rats
84 creatures vanquished.

Notes
Turn   | Place    | Note
-------+----------+-------------------------------------------
     0 | D:5      | Alarkh the Ghoul Delver began the quest for the Orb.
     0 | D:5      | Reached XP level 1. HP: 19/19 MP: 0/0
    56 | D:4      | Noticed a hound
    71 | D:5      | Found a shattered altar of Ashenzari.
    80 | D:5      | Noticed a hound
   154 | D:4      | Noticed a hound
   204 | D:5      | Noticed an ice beast
   229 | D:4      | Noticed a worker ant
   232 | D:4      | Killed a hound
   232 | D:4      | Reached skill level 3 in Unarmed Combat
   232 | D:4      | Reached XP level 2. HP: 27/27 MP: 1/1
   232 | D:4      | Reached XP level 3. HP: 33/33 MP: 2/2
   289 | D:4      | Reached skill level 4 in Unarmed Combat
   289 | D:4      | Reached XP level 4. HP: 32/40 MP: 3/3
   391 | D:4      | Found a runed translucent door.
   392 | D:4      | Noticed Crazy Yiuf
   627 | D:3      | Noticed Robin
   635 | D:3      | Reached XP level 5. HP: 44/47 MP: 4/4
   648 | D:3      | Killed Robin
   863 | D:2      | Reached skill level 5 in Unarmed Combat
  1630 | D:1      | Found a runed translucent door.
  2042 | D:1      | Reached XP level 6. HP: 37/55 MP: 5/5
  2050 | D:1      | Reached skill level 5 in Fighting
  2076 | D:1      | Reached skill level 6 in Unarmed Combat
  2753 | D:4      | Noticed an orc warrior
  2774 | D:3      | Mangled by an orc warrior

Illustrated notes

Levels and vault maps discovered:
D:1:      dpeg_arrival_caged_fury, layout_rooms, serial_forest,
          infiniplex_forest_clump_double, infiniplex_forest_end_2,
          infiniplex_forest_clump_curved, infiniplex_forest_lined_1
D:2:      layout_basic
D:3:      layout_basic, uniq_robin
D:4:      layout_loops_ring, uniq_crazy_yiuf_cottage
D:5:      layout_loops_ring, kennysheep_mini_moat,
          minmay_temple_entry_statues_pillars, minmay_misc_feat_encased,
          ashenzari_altar_1, uniq_eustachio

Skill      XL: |  1  2  3  4  5  6 |
---------------+-------------------+-----
Unarmed Combat | 3 4 5 6 |  6.3
Fighting       | 4 5 |  5.2
Dodging        | |  1.7
Stealth        | |  5.4

Action                   |  1- 3 |  4- 6 || total
-------------------------+-------+-------++-------
Melee: Unarmed           |    17 |   262 ||   279
       Punch             |       |     5 ||     5
  Use: Potion            |     1 |     3 ||     4
 Stab: Sleeping          |     1 |     8 ||     9
Armor: Leather armour    |     2 |    12 ||    14
       Ring mail         |       |    88 ||    88
Dodge: Dodged            |    12 |   179 ||   191

Table legend: (Time is in decaauts)
 A = Elapsed time spent in this place.
 B = Non-inter-level travel time spent in this place.
 C = Inter-level travel time spent in this place.
 D = Time resting spent in this place.
 E = Time spent auto-exploring this place.
 F = Levels seen in this place.
 G = Mean time per level.
                   A        B        C        D        E       F      G
               +--------+--------+--------+--------+--------+-----+--------+
         Total |   2750 |   2659 |     91 |      0 |   1987 |   5 |  550.0 |
       Dungeon |   2750 |   2659 |     91 |      0 |   1987 |   5 |  550.0 |
               +--------+--------+--------+--------+--------+-----+--------+

Top non-repeatable levels by time:
     D:2: 810 daAuts
     D:1: 625 daAuts
     D:3: 595 daAuts
     D:4: 503 daAuts
     D:5: 216 daAuts
